 Dungeon Crawl Stone Soup version 0.30-a0-782-ge64f9170bb (webtiles) character file.

Game seed: 2366620881003183026

18126 mopl the Arsonist (level 12, -7/84 HPs)
             Began as a Mummy Fire Elementalist on Mar 1, 2023.
             Was a Priest of Vehumet.
             Mangled by an eight-headed hydra (9 damage)
             ... on level 3 of the Lair of Beasts.
             The game lasted 00:30:06 (12646 turns).

mopl the Arsonist (Mummy Fire Elementalist)        Turns: 12646, Time: 00:30:06

Health: -7/84      AC:  9    Str: 11    XL:     12   Next: 25%
Magic:  25/25      EV: 11    Int: 22    God:    Vehumet [***...]
Gold:   773        SH:  0    Dex: 13    Spells: 15/30 levels left

rFire   . . .      SeeInvis .    A - staff of fire
rCold   + . .      Faith    +    (no shield)
rNeg    + + +      Spirit   .    z - +0 troll leather armour
rPois   ∞          Reflect  .    n - +1 helmet
rElec   .          Harm     .    G - scarf {repulsion}
rCorr   .          Rampage  .    H - +1 pair of gloves of Figup {Int+3}
Will    ++...                    d - +0 pair of boots
Stlth   ++                       r - amulet of magic regeneration
HPRegen 1.14/turn                F - ring of willpower
MPRegen 0.59/turn                v - +4 ring of slaying

@: about to teleport, repel missiles
A: cold resistance 1, negative energy resistance 3, torment resistance 2, heat
vulnerability 1, in touch with death 1, no potions, faith
a: Renounce Religion


You were on level 3 of the Lair of Beasts.
You worshipped Vehumet.
Vehumet was most pleased with you.
You visited 3 branches of the dungeon, and saw 14 of its levels.
You also visited: Sewer.

You collected 773 gold pieces.

Inventory:

Hand Weapons
 b - a +2 dagger of venom
Missiles
 a - 2 boomerangs
 j - a throwing net
 o - 51 poisoned darts
 q - 3 boomerangs of dispersal
 u - 10 curare-tipped darts
Armour
 d - a +0 pair of boots (worn)
 f - +0 acid dragon scales
 n - a +1 helmet (worn)
 z - a +0 troll leather armour (worn)
 G - a scarf of repulsion (worn)
 H - the +1 pair of gloves of Figup (worn) {Int+3}
   (You found it on level 9 of the Dungeon)

   Int:       It affects your intelligence (+3).
Magical Staves
 A - a staff of fire (weapon)
Jewellery
 p - the ring of Wypeozuusa {Ice rN+ rCorr Int+4 Dex-2}
   (You found it on level 3 of the Lair of Beasts)

   [ring of ice]

   It enhances your ice magic.
   Int:       It affects your intelligence (+4).
   Dex:       It affects your dexterity (-2).
   rF:        It makes you vulnerable to fire.
   rC:        It protects you from cold.
   rN:        It protects you from negative energy.
   rCorr:     It protects you from acid and corrosion.
 r - an amulet of magic regeneration (around neck)
 v - a +4 ring of slaying (right hand)
 F - a ring of willpower (left hand)
 M - a ring of willpower
Wands
 i - a wand of polymorph (33)
 k - a wand of roots (7)
 w - a wand of flame (16)
 E - a wand of paralysis (13)
 P - a wand of mindburst (7)
Scrolls
 c - a scroll of butterflies
 e - 6 scrolls of teleportation
 h - 2 scrolls of immolation
 m - 2 scrolls of fear
 s - 4 scrolls of magic mapping
 t - 3 scrolls of vulnerability
 x - 3 scrolls of fog
 C - 2 scrolls of identify
Miscellaneous
 g - a box of beasts
 l - a phial of floods
 D - a condenser vane
 J - a piece from Xom's chessboard (15/15)


   Skills:
 + Level 4.7 Fighting
 + Level 2.5 Staves
 - Level 1.5 Dodging
 - Level 1.5 Stealth
 + Level 9.9 Spellcasting
 * Level 9.5 Conjurations
 - Level 5.0 Translocations
 * Level 9.9 Fire Magic
 + Level 4.3 Evocations


You had 15 spell levels left.
You knew the following spells:

 Your Spells              Type           Power      Damage    Failure   Level
a - Foxfire               Conj/Fire      100%       2x1d9     1%          1
b - Scorch                Fire           100%       2d10      1%          2
c - Flame Wave            Conj/Fire      69%        2d16      1%          4
e - Blink                 Tloc           64%        N/A       1%          2
f - Kindle Blastsparks    Fire/Tloc/Air  98%        2d18      1%          3
h - Inner Flame           Hex/Fire       49%        N/A       1%          3

Your spell library contained the following spells:

 Spells                   Type           Power      Damage    Failure   Level
 Dazzling Flash           Conj/Hex       62%        N/A       1%          3
 Static Discharge         Conj/Air       62%        2-5/arc   1%          2
 Stone Arrow              Conj/Erth      62%        3d10      1%          3
 Vhi's Electric Charge    Tloc/Air       42%        N/A       9%          3
 Arcjolt                  Conj/Air       15%        1d25      9%          5
 Lightning Bolt           Conj/Air       15%        1d29      9%          5
 Manifold Assault         Tloc           32%        N/A       11%         4
 Passage of Golubria      Tloc           32%        N/A       11%         4
 Animate Armour           Summ/Erth      20%        N/A       63%         4
 Silence                  Hex/Air        5%         N/A       92%         5
 Lehudib's Crystal Spear  Conj/Erth      15%        10d5      100%        8
 Storm Form               Tmut/Air       Unusable   N/A       N/A         7

Dungeon Overview and Level Annotations

Branches:
Dungeon (10/15)            Temple (1/1) D:6            Lair (3/5) D:10
  Swamp (0/4) Lair:2        Snake (0/4) Lair:3        Sewer (visited)
    Orc: D:9-12

Altars:
Ashenzari
Cheibriados
Dithmenos
Fedhas
Gozag
Hepliaklqana
Kikubaaqudgha
Makhleb
Nemelex Xobeh
Okawaru
Qazlal
Ru
Sif Muna
Trog
Uskayaw
Vehumet
Wu Jian
Xom
Yredelemnul

Shops:
D:4 !

Annotations:
D:7 Joseph


Innate Abilities, Weirdness & Mutations

You are immune to poison.
Your flesh is cold resistant. (rC+)
You are immune to negative energy. (rN+++)
You are immune to unholy pain and torment.
You are vulnerable to heat. (rF-)
You are in touch with the powers of death.
You do not drink.
You have a special connection with the divine. (Faith)


Message History

You can't see any susceptible monsters within range! (Use Z to cast anyway.) Unknown command.
There is an open door here.
The basilisk gazes at you.
You are slowing down.
Unknown command.
Your limbs are stiffening.
You have turned to stone.
The basilisk gazes at you. You resist with almost no effort.
The eight-headed hydra bites you. x3; The eight-headed hydra bites you!
The eight-headed hydra completely misses you.
The eight-headed hydra bites you.
The eight-headed hydra barely misses you.
The eight-headed hydra bites you!
The eight-headed hydra bites you but does no damage. x3
The eight-headed hydra bites you. The eight-headed hydra bites you!
The eight-headed hydra bites you. The eight-headed hydra bites you!
The eight-headed hydra bites you but does no damage.
The eight-headed hydra bites you! The eight-headed hydra bites you.
The eight-headed hydra bites you! x3
* * * LOW HITPOINT WARNING * * *
The eight-headed hydra bites you!
* * * LOW HITPOINT WARNING * * *
The eight-headed hydra bites you!
* * * LOW HITPOINT WARNING * * *
The eight-headed hydra bites you but does no damage.
You turn to flesh and can move again.
Okay, then.
As you read the scroll of teleportation, it crumbles to dust.
You feel strangely unstable.
The eight-headed hydra bites you but does no damage.
The eight-headed hydra bites you.
* * * LOW HITPOINT WARNING * * *
The eight-headed hydra bites you.
* * * LOW HITPOINT WARNING * * *
The eight-headed hydra bites you.
* * * LOW HITPOINT WARNING * * *
The eight-headed hydra bites you!
You die...

#..#.# ##### # #...#
#P.## #.#.#'## #.P..
##.....## ##....
#.......## ####...##
#........#
###.#...##
#...⌠.#l## #.#...###
#.....#D######...###
#.#...#@##.....###
#......###.....<#
#.#...##....#..†##
##
##....†#######...#
#!
#...#.#.#..⌠.##.##
## #.......#...[..##
###.
.+...⌠...+..>.⌠.#
###...
.......†..#.....##
#.#...
.##..###...#.⌠.##
##.....


You could see an eight-headed hydra and a basilisk.

Vanquished Creatures
  A two-headed ogre (D:6)
  A centaur warrior (D:9)
  A sixfirhy (D:10)
  A skyshark (Lair:3)
  A bog body (Lair:2)
  A deep elf pyromancer (D:9)
  An orc knight (D:8)
  An ugly thing (D:9)
  A black mamba (Lair:3)
  A gargoyle (D:9)
  A torpor snail (Lair:2)
  5 cane toads
  3 komodo dragons
  A polar bear (Lair:2)
  A troll (D:8)
  2 dream sheep (Lair:2)
  4 blink frogs (Lair:1)
  A slime creature (D:8)
  A vampire (D:9)
  8 yaks
  A basilisk (D:9)
  6 wyverns
  A steam dragon (D:8)
  A vampire mosquito (D:9)
  3 nagas (Lair:3)
  3 acid dragons (D:9)
  14 water moccasins
  A swamp drake (D:8)
  3 orc warriors
  An ice beast (D:5)
  A black bear (D:7)
  3 phantoms
  4 wolves (Lair:2)
  2 centaurs (D:10)
  3 kobold brigands
  Blork the orc (D:5)
  8 bullfrogs
  5 scorpions
  2 necrophages
  4 wights
  15 killer bees
  3 howler monkeys (D:8)
  4 electric eels
  5 hounds
  3 jellies
  A gnoll bouda (D:8)
  7 orc priests
  Crazy Yiuf (D:2)
  Natasha (thrice) (D:2)
  5 iguanas
  5 orc wizards
  8 gnolls
  9 adders
  6 river rats (Sewer)
  An ufetubus (D:6)
  2 worms
  3 dart slugs
  40 orcs
  8 ball pythons
  9 bats
  11 endoplasms
  2 giant cockroaches
  12 goblins
  5 hobgoblins
  35 kobolds
  A quokka (D:1)
  3 frilled lizards
  27 rats
338 creatures vanquished.

Vanquished Creatures (others)
  84 foxfires
  A fungus (Lair:1)
  31 plants
116 creatures vanquished.

Grand Total: 454 creatures vanquished

Notes
Turn   | Place    | Note
-------+----------+-------------------------------------------
     0 | D:1      | mopl the Mummy Fire Elementalist began the quest for the
                  | Orb.
     0 | D:1      | Reached XP level 1. HP: 13/13 MP: 4/4
    72 | D:1      | Reached skill level 1 in Conjurations
   160 | D:1      | Found a faded altar of an unknown god.
   371 | D:1      | Reached XP level 2. HP: 12/19 MP: 3/5
   374 | D:1      | Learned a level 2 spell: Scorch
   482 | D:1      | Reached skill level 3 in Spellcasting
   617 | D:1      | Gained mutation: You are in touch with the powers of death.
                  | [Mummy growth]
   617 | D:1      | Reached XP level 3. HP: 24/24 MP: 0/7
   625 | D:1      | Learned a level 3 spell: Kindle Blastsparks
   890 | D:2      | Reached skill level 3 in Fire Magic
   977 | D:2      | Found a runed translucent door.
   978 | D:2      | Noticed Crazy Yiuf
  1129 | D:2      | Noticed Natasha
  1186 | D:2      | Killed Natasha
  1187 | D:2      | Reached skill level 2 in Conjurations
  1187 | D:2      | Reached XP level 4. HP: 5/30 MP: 0/9
  1338 | D:2      | Noticed Natasha
  1410 | D:2      | Killed Natasha
  1802 | D:2      | Noticed Natasha
  1822 | D:2      | Killed Natasha
  1823 | D:2      | Reached skill level 1 in Translocations
  1823 | D:2      | Reached XP level 5. HP: 22/35 MP: 4/10
  2794 | D:3      | Found an ancient bone altar of Kikubaaqudgha.
  2815 | D:3      | Found a sparkling altar of Nemelex Xobeh.
  3028 | D:4      | Found Archiwyf's Distillery.
  3030 | D:4      | Found a shadowy altar of Dithmenos.
  3483 | D:4      | Noticed a phantom
  3490 | D:4      | Killed a phantom
  3491 | D:4      | Reached skill level 4 in Spellcasting
  3491 | D:4      | Reached skill level 3 in Conjurations
  3491 | D:4      | Reached XP level 6. HP: 41/41 MP: 1/12
  3703 | D:5      | Entered Level 5 of the Dungeon
  3710 | D:5      | Reached skill level 4 in Fire Magic
  3792 | D:5      | Noticed an ice beast
  3807 | D:5      | Killed an ice beast
  3808 | D:5      | Reached skill level 2 in Translocations
  3808 | D:5      | Reached XP level 7. HP: 17/46 MP: 2/13
  3931 | D:5      | HP: 2/46 [orc/+0 short sword (4)]
  3952 | D:5      | HP: 1/46 [orc priest/divine providence (7)]
  3956 | D:6      | Found an ornate altar of the Wu Jian Council.
  3988 | D:6      | Reached skill level 4 in Conjurations
  4055 | D:5      | Found a glowing drain.
  4063 | Sewer    | Entered a sewer
  4202 | Sewer    | Reached skill level 5 in Spellcasting
  4337 | Sewer    | Reached skill level 5 in Fire Magic
  4776 | D:5      | Reached XP level 8. HP: 26/52 MP: 11/15
  5059 | D:5      | Noticed Blork the orc
  5090 | D:5      | Killed Blork the orc
  5091 | D:5      | Reached skill level 3 in Translocations
  5138 | D:5      | Reached skill level 5 in Conjurations
  5185 | D:6      | Learned a level 4 spell: Flame Wave
  5227 | D:6      | Noticed a two-headed ogre
  5253 | D:6      | Killed a two-headed ogre
  5254 | D:6      | Reached skill level 6 in Spellcasting
  5254 | D:6      | Reached skill level 6 in Fire Magic
  5254 | D:6      | Reached XP level 9. HP: 57/57 MP: 14/18
  5288 | D:6      | Found a sacrificial altar of Ru.
  5386 | D:6      | Reached skill level 6 in Conjurations
  5398 | D:6      | Found a staircase to the Ecumenical Temple.
  5418 | Temple   | Entered the Ecumenical Temple
  5679 | D:7      | Learned a level 2 spell: Blink
  5743 | D:7      | Reached skill level 4 in Translocations
  6025 | D:7      | Reached skill level 7 in Spellcasting
  6030 | D:7      | Reached skill level 7 in Fire Magic
  6230 | D:7      | Reached skill level 7 in Conjurations
  6524 | D:7      | Reached skill level 1 in Evocations
  6567 | D:7      | Noticed Joseph
  6764 | D:8      | Found a shimmering blue altar of Sif Muna.
  6813 | D:8      | Found an iron altar of Okawaru.
  6845 | D:8      | Reached XP level 10. HP: 63/63 MP: 15/21
  7039 | D:8      | Noticed an orc knight
  7364 | D:8      | Killed an orc knight
  7370 | D:8      | Found a hide-covered altar of Uskayaw.
  7857 | D:9      | Found a stormy altar of Qazlal.
  7936 | D:9      | Reached skill level 8 in Spellcasting
  7949 | D:9      | Found a radiant altar of Vehumet.
  8013 | D:9      | Became a worshipper of Vehumet
  8055 | D:9      | Reached skill level 8 in Fire Magic
  8075 | D:9      | Identified the +1 pair of gloves of Figup {Int+3}
  8260 | D:9      | Reached skill level 2 in Evocations
  8534 | D:9      | Noticed a centaur warrior
  8541 | D:8      | Reached skill level 1 in Fighting
  8595 | D:9      | Killed a centaur warrior
  8802 | D:9      | Noticed a deep elf pyromancer
  8814 | D:9      | Killed a deep elf pyromancer
  8815 | D:9      | Reached skill level 2 in Fighting
  8815 | D:9      | Reached skill level 8 in Conjurations
  8817 | D:9      | Noticed a green ugly thing
  8821 | D:9      | Killed a green ugly thing
  8839 | D:9      | Noticed a gargoyle
  8900 | D:9      | Learned a level 3 spell: Inner Flame
  8913 | D:9      | Killed a gargoyle
  8950 | D:9      | Reached * piety under Vehumet
  8950 | D:9      | Offered knowledge of Magic Dart by Vehumet.
  8965 | D:9      | Reached XP level 11. HP: 60/73 MP: 12/23
  9545 | D:10     | Entered Level 10 of the Dungeon
  9699 | D:10     | Identified the +1 leather armour of the Orcish Mines {rC+}
  9771 | D:10     | Reached skill level 3 in Evocations
 10026 | D:10     | Reached skill level 3 in Fighting
 10082 | D:10     | Found a staircase to the Lair.
 10203 | D:10     | Found a runed translucent door.
 10204 | D:10     | Found a burning altar of Makhleb.
 10204 | D:10     | Noticed a sixfirhy
 10216 | D:10     | Killed a sixfirhy
 10470 | D:2      | Killed Crazy Yiuf
 10679 | Lair:1   | Entered Level 1 of the Lair of Beasts
 10732 | Lair:1   | Reached skill level 9 in Spellcasting
 10732 | Lair:1   | Reached skill level 9 in Fire Magic
 10896 | Lair:1   | Reached skill level 5 in Translocations
 10905 | Lair:1   | Offered knowledge of Momentum Strike by Vehumet.
 11124 | Lair:1   | Reached skill level 1 in Staves
 11390 | Lair:2   | Reached ** piety under Vehumet
 11504 | Lair:2   | Reached skill level 9 in Conjurations
 11588 | Lair:2   | Reached skill level 4 in Fighting
 11684 | Lair:2   | Found a staircase to the Swamp.
 11684 | Lair:2   | Noticed a bog body
 11700 | Lair:2   | Killed a bog body
 11798 | Lair:2   | Reached skill level 2 in Staves
 11798 | Lair:2   | Reached skill level 4 in Evocations
 12172 | Lair:3   | Noticed a skyshark
 12188 | Lair:3   | Reached XP level 12. HP: 67/83 MP: 17/25
 12369 | Lair:3   | Offered knowledge of Dazzling Flash by Vehumet.
 12377 | Lair:3   | Found a staircase to the Snake Pit.
 12414 | Lair:3   | Reached *** piety under Vehumet
 12511 | Lair:3   | Identified the ring of Wypeozuusa {Ice rN+ rCorr Int+4
                  | Dex-2}
 12630 | Lair:3   | Noticed an eight-headed hydra
 12646 | Lair:3   | HP: 2/84 [eight-headed hydra (5)]
 12646 | Lair:3   | Mangled by an eight-headed hydra

Illustrated notes

Levels and vault maps discovered:
D:1:      nzn_arrival_crosshair, layout_basic, ebering_ecumenical_altar_box
D:2:      layout_basic, serial_bayou, serial_bayou_shore_b, serial_bayou_ford_a,
          serial_bayou_shore_b, serial_bayou_lagoon_a, minmay_splitting_lines,
          st_stairs_7, uniq_natasha, uniq_crazy_yiuf_cottage
D:3:      layout_basic, old_standard_altar, nemelex_xobeh_ov_fountains_minmay,
          hangedman_abyss_or_decor_stabs, amcnicky_mini_pool_small
D:4:      layout_basic, mainiacjoe_overflow_tiny_flanked, serial_shops,
          nicolae_shop_crystal
D:5:      layout_rooms, portal_sewer_entry_c, serial_bayou_pond_a,
          serial_park_tiny_2, kennysheep_generic_room_16, uniq_blork_the_orc
D:6:      layout_rooms, kennysheep_little_box, mainiacjoe_overflow_alcove_1,
          minmay_temple_entry_wispy
D:7:      layout_loops_corners, uniq_joseph
D:8:      layout_basic, lemuel_tele_altar, nicolae_uskayaw_suspiria,
          mainiacjoe_overflow_concentric_impassable, dk_noncrumbling_3,
          kennysheep_island_fort
D:9:      minmay_the_grid_triangle_9x9_rhombus_thin_mashed
          [minmay_the_grid_triangle_9x9_checkered,
          minmay_the_grid_triangle_9x9_prize_insulated,
          minmay_the_grid_triangle_9x9_corrupted_corridor,
          minmay_the_grid_triangle_9x9_limited_checkers], layout_rooms,
          mainiacjoe_overflow_six_doors_small, lemuel_round_altar
D:10:     layout_roguey, nzn_makhleb_speed_demon, lair_entry_dummy,
          minmay_between
Temple:   hellmonk_temple_of_storms
Lair:1:   layout_regular_city, serial_bayou_shore_a, grunt_megastairs_3
Lair:2:   layout_hall_layers, skrybe_swamp_entry_bodies, serial_bayou_lagoon_b
Lair:3:   layout_cave_pods, minmay_snake_entry_guardpost_small,
          grunt_megastairs_1, serial_bayou_shore_b

Skill      XL: |  1  2  3  4  5  6  7  8  9 10 11 |
---------------+----------------------------------+-----
Conjurations   | 1 2 3 4 5 7 8 9 |  9.5
Spellcasting   | 3 4 5 6 7 8 9 |  9.9
Fire Magic     | 3 4 5 6 7 8 9 |  9.9
Translocations | 1 2 3 4 5 |  5.0
Evocations     | 1 2 4 |  4.3
Fighting       | 2 4 |  4.7
Staves         | 2 |  2.5
Dodging        | |  1.5
Stealth        | |  1.5

Action                     |  1- 3 |  4- 6 |  7- 9 | 10-12 || total
---------------------------+-------+-------+-------+-------++-------
  Melee: Dagger            |    56 |    38 |    80 |       ||   174
         Unarmed           |     3 |       |       |       ||     3
         Punch             |     2 |     1 |     1 |       ||     4
         Falchion          |       |       |    11 |       ||    11
         Staff             |       |       |     6 |    15 ||    21
  Throw: Dart              |       |       |     2 |       ||     2
   Cast: Foxfire           |     9 |     3 |     3 |    35 ||    50
         Scorch            |    25 |    65 |   213 |   326 ||   629
         Kindle Blastspark |       |       |       |     1 ||     1
         Flame Wave        |       |       |       |     3 ||     3
         Blink             |       |       |       |     2 ||     2
  Evoke: Wand              |       |       |       |     3 ||     3
    Use: Scroll            |       |     5 |     7 |     4 ||    16
   Stab: Sleeping          |     2 |     1 |       |       ||     3
 Armour: Robe              |    24 |    17 |    67 |    15 ||   123
         Troll leather arm |       |       |       |    60 ||    60
  Dodge: Dodged            |    51 |    60 |   132 |   153 ||   396
         Repelled          |       |       |       |     3 ||     3

Table legend: (Time is in decaauts)
 A = Elapsed time spent in this place.
 B = Non-inter-level travel time spent in this place.
 C = Inter-level travel time spent in this place.
 D = Time resting spent in this place.
 E = Time spent auto-exploring this place.
 F = Levels seen in this place.
 G = Mean time per level.
                   A        B        C        D        E       F      G
               +--------+--------+--------+--------+--------+-----+--------+
         Total |  12788 |  11812 |    976 |   1876 |   6826 |  15 |  852.5 |
       Dungeon |  10039 |   9150 |    889 |   1641 |   5217 |  10 | 1003.9 |
        Temple |     41 |     31 |     10 |      0 |      0 |   1 |   41.0 |
          Lair |   2031 |   1955 |     76 |    103 |   1312 |   3 |  677.0 |
         Sewer |    676 |    676 |      0 |    132 |    296 |   1 |  676.0 |
               +--------+--------+--------+--------+--------+-----+--------+

Top non-repeatable levels by time:
     D:8: 1620 daAuts
     D:2: 1393 daAuts
     D:7: 1311 daAuts
     D:9: 1093 daAuts
     D:3: 948 daAuts
     D:1: 915 daAuts
  Lair:2: 869 daAuts
     D:4: 834 daAuts
    D:10: 748 daAuts
  Lair:1: 695 daAuts
   Sewer: 676 daAuts
     D:5: 655 daAuts
     D:6: 518 daAuts
  Lair:3: 466 daAuts
  Temple: 41 daAuts
